 Dungeon Crawl Stone Soup version 0.26.1-11-gd32895ea62 (webtiles) character file.

Game seed: 13263358892914568762

312 Silvore the Slasher (level 6, -12/47 HPs)
             Began as a Demonspawn Gladiator on June 28, 2021.
             Was a Believer of Uskayaw.
             Mangled by an ogre
             ... wielding a +0 giant spiked club
              (16 damage)
             ... on level 4 of the Dungeon.
             The game lasted 00:06:00 (3208 turns).

Silvore the Slasher (Demonspawn Gladiator)          Turns: 3208, Time: 00:06:00

Health: -12/47     AC: 10    Str: 16    XL:     6   Next: 18%
Magic:  6/6        EV: 13    Int:  9    God:    Uskayaw [**....]
Gold:   119        SH:  0    Dex: 15    Spells: 5/5 levels left

rFire    . . .     SeeInvis .   l - +0 falchion
rCold    . . .     Faith    .   (no shield)
rNeg     . . .     Spirit   .   b - +1 leather armour
rPois    .         Reflect  .   c - +0 helmet
rElec    .         Harm     .   k - +2 cloak
rCorr    .         Rampage  .   (no gloves)
Will     .....                  (no boots)
Stlth    +.........             (no amulet)
HPRegen  0.15/turn              (no ring)
MPRegen  0.10/turn              (no ring)

@: no status effects
A: hooves 1, slimy green scales 1, powered by pain 1
a: Renounce Religion, Stomp, Line Pass


You were on level 4 of the Dungeon.
You worshipped Uskayaw.
Uskayaw was noncommittal.
You visited 2 branches of the dungeon, and saw 5 of its levels.

You collected 119 gold pieces.

Inventory:

Hand Weapons
 a - a +0 long sword
 l - a +0 falchion (weapon)
Missiles
 d - 4 throwing nets (quivered)
Armour
 b - a +1 leather armour (worn)
 c - a +0 helmet (worn)
 k - a +2 cloak (worn)
Wands
 o - a wand of iceblast (8)
Scrolls
 f - a scroll of identify
 g - 2 scrolls of teleportation
 i - 2 scrolls of remove curse
Potions
 e - a potion of flight
 h - a potion of haste {unknown}
 j - a potion of curing
 m - 2 potions of degeneration {unknown}
 n - a potion of magic {unknown}


   Skills:
 + Level 3.0 Fighting
 + Level 4.6 Long Blades
 + Level 1.8 Throwing
 + Level 1.9 Armour
 + Level 3.7 Dodging
 + Level 0.8 Stealth


You had 5 spell levels left.
You didn't know any spells.
Your spell library contained the following spells:

 Spells                   Type           Power        Failure   Level
 Magic Dart               Conj           0%           45%         1
 Blink                    Tloc           N/A          58%         2
 Call Imp                 Summ           0%           58%         2
 Slow                     Hex            0%           58%         2
 Conjure Flame            Conj/Fire      0%           83%         3
 Mephitic Cloud           Conj/Pois/Air  0%           83%         3


Dungeon Overview and Level Annotations

Branches:
Dungeon (4/15)             Temple (1/1) D:4

Altars:
Ashenzari
Cheibriados
Fedhas
Gozag
Hepliaklqana
Makhleb
Nemelex Xobeh
Qazlal
Sif Muna
Trog
Uskayaw
Vehumet
Wu Jian
Yredelemnul
Zin
The Shining One


Innate Abilities, Weirdness & Mutations

You have large cloven feet.
You are partially covered in slimy green scales. (AC +2)
You sometimes gain a little power by taking damage.


Message History

The ogre is heavily wounded.
An orc comes into view. It is wielding a +0 flail.
The ogre hits you with a +0 giant spiked club!
* * * LOW HITPOINT WARNING * * *
The orc shouts!
You completely miss the ogre. You kick the ogre.
The ogre is severely wounded.
The ogre hits you with a +0 giant spiked club!
* * * LOW HITPOINT WARNING * * *
You can now pass through a line of other dancers.
You closely miss the ogre. You kick the ogre.
The ogre is severely wounded.
You hit the ogre. You kick the ogre.
The ogre is almost dead.
The ogre hits you with a +0 giant spiked club.
* * * LOW HITPOINT WARNING * * *
You hit the ogre but do no damage. You kick the ogre.
The ogre is almost dead.
The ogre hits you with a +0 giant spiked club!
You die...

.# .# .# .# # .#.# #
##.#.##.# #.#####....$#[#
#....oO@..#...
#..####.#...# .# #
##.##.## .# ♣.♣.≈...## .#
#≈≈#.≈≈..♣.# .#
##≈.#≈.≈.≈≈.###.# #
#.##.♣≈≈≈≈.≈≈≈.....##.##.
#.#...≈≈.#♣.♣≈≈.##.......
........≈..≈.≈...(......


You could see an ogre and an orc.

Vanquished Creatures
  A hound (D:4)
  An orc priest (D:3)
  An orc wizard (D:4)
  An iguana (D:4)
  Ijyb (D:3)
  A worker ant (D:4)
  4 adders
  3 oozes
  2 worms (D:2)
  2 dart slugs (D:2)
  2 leopard geckos
  8 orcs
  A ball python (D:2)
  4 bats
  3 giant cockroaches
  8 goblins
  7 hobgoblins
  7 jackals (D:3)
  13 kobolds
  A quokka (D:4)
  3 frilled lizards
  A quokka skeleton (D:4)
  10 rats
85 creatures vanquished.

Notes
Turn   | Place    | Note
-------+----------+-------------------------------------------
     0 | D:1      | Silvore the Demonspawn Gladiator began the quest for the
                  | Orb.
     0 | D:1      | Reached XP level 1. HP: 16/16 MP: 1/1
   192 | D:1      | Reached skill level 3 in Long Blades
   193 | D:1      | Gained mutation: You sometimes gain a little power by
                  | taking damage. [demonic ancestry]
   193 | D:1      | Reached XP level 2. HP: 22/22 MP: 2/2
   831 | D:1      | Reached XP level 3. HP: 27/27 MP: 3/3
  1363 | D:2      | Reached skill level 1 in Armour
  1363 | D:2      | Gained mutation: You are partially covered in slimy green
                  | scales. (AC +2) [demonic ancestry]
  1363 | D:2      | Reached XP level 4. HP: 19/34 MP: 4/4
  2227 | D:3      | Noticed Ijyb
  2254 | D:3      | Killed Ijyb
  2255 | D:3      | Reached skill level 4 in Long Blades
  2255 | D:3      | Reached XP level 5. HP: 38/39 MP: 5/5
  2475 | D:3      | You fall into a shaft and drop 1 floor!
  2475 | D:4      | Found a staircase to the Ecumenical Temple.
  2496 | Temple   | Entered the Ecumenical Temple
  2530 | Temple   | Became a worshipper of Uskayaw the Reveller
  2714 | D:4      | Reached * piety under Uskayaw
  2727 | D:4      | Reached ** piety under Uskayaw
  2732 | D:4      | Gained mutation: You have large cloven feet. [demonic
                  | ancestry]
  2732 | D:4      | Reached XP level 6. HP: 14/47 MP: 3/6
  3208 | D:4      | Mangled by an ogre

Illustrated notes

Levels and vault maps discovered:
D:1:      dpeg_arrival_round_c, layout_loops_ring, hangedman_decor_opposing,
          minmay_misc_feat_iff
D:2:      layout_loops_ring, minmay_vboxes
D:3:      layout_basic, uniq_terence, uniq_ijyb
D:4:      layout_loops_ring, nicolae_ru_sacrificial_ziggurat,
          minmay_temple_entry_sparse_star, serial_rivers,
          chequers_serial_rivers_small_b, chequers_serial_rivers_room_b,
          chequers_serial_rivers_marsh, chequers_serial_rivers_marsh,
          chequers_serial_rivers_room_b, hex_tiny, uniq_menkaure, uniq_eustachio
Temple:   lightli_temple_of_artemis

Skill      XL: |  1  2  3  4  5 |
---------------+----------------+-----
Long Blades    | 3 4 |  4.6
Dodging        | 3 |  3.7
Armour         | 1 |  1.9
Fighting       | 3 |  3.0
Throwing       | |  1.8
Stealth        | |  0.8

Action                   |  1- 3 |  4- 6 || total
-------------------------+-------+-------++-------
Melee: Long sword        |   104 |    56 ||   160
       Falchion          |       |   122 ||   122
       Kick              |       |    14 ||    14
Invok: Stomp             |       |     1 ||     1
       Line Pass         |       |     1 ||     1
  Use: Scroll            |     6 |     2 ||     8
       Potion            |       |     1 ||     1
 Stab: Sleeping          |       |     3 ||     3
Armor: Leather armour    |    27 |    65 ||    92
Dodge: Dodged            |    84 |   126 ||   210
       Rpst.: Long sword |    22 |     6 ||    28
       Falchion          |       |    33 ||    33
